 Dungeon Crawl Stone Soup version 0.17.1-3-g152610e (webtiles) character file.

203 kaze the Covered (level 5, -1/33 HPs)
             Began as a Gargoyle Fighter on Mar 16, 2016.
             Slain by Purgy (4 damage)
             ... on level 3 of the Dungeon.
             The game lasted 00:06:37 (1817 turns).

kaze the Covered (Gargoyle Fighter)                 Turns: 1817, Time: 00:06:37

Health: -1/33      AC: 13    Str: 30      XL:     5   Next: 81%
Magic:  5/5        EV:  8    Int:  8      God:
Gold:   144        SH: 10    Dex:  7 (9)  Spells: 0 memorised, 4 levels left

rFire  . . .     SeeInvis +     p - +1 mace (crush)
rCold  . . .     Clarity  .     b - +0 scale mail
rNeg   + + .     SustAt   .     c - +0 shield
rPois  ∞         Gourm    .     (no helmet)
rElec  +         Spirit   .     v - +0 cloak
rCorr  .         Warding  +     y - +0 pair of gloves
rMut   .         Stasis   .     (no boots)
MR     .....                    o - amulet of warding
Stlth  ..........               m - ring of see invisible
                                h - +4 ring of strength

@: mighty, not resistant to hostile enchantments, extremely unstealthy
A: negative energy resistance 1, electricity resistance, unbreathing,
petrification resistance, rot immunity, AC +4
a: no special abilities


You were on level 3 of the Dungeon.
You were hungry.

You visited 1 branch of the dungeon, and saw 3 of its levels.

You collected 144 gold pieces.

Inventory:

Hand Weapons
 a - a +0 war axe
 p - a +1 mace of crushing (weapon)
Armour
 b - a +0 scale mail (worn)
 c - a +0 shield (worn)
 v - a +0 cloak (worn)
 y - a +0 pair of gloves (worn)
Jewellery
 h - a +4 ring of strength (left hand)
 m - a ring of see invisible (right hand)
 o - an amulet of warding (around neck)
Scrolls
 i - a scroll of remove curse
 j - a scroll of immolation {unknown}
 k - a scroll of magic mapping
 n - a scroll of teleportation {unknown}
 u - a scroll of noise {unknown}
 w - a scroll of fog {unknown}
 x - a scroll of enchant weapon
Potions
 f - 2 potions of haste {unknown}
 l - a potion of heal wounds {unknown}
Comestibles
 e - 4 bread rations
 g - a meat ration
 s - a slice of pizza
 t - 3 fruits


   Skills:
 + Level 4.2 Fighting
 + Level 2.3(2.4) Axes
 + Level 0.6(1.7) Maces & Flails
 + Level 4.7 Armour
 + Level 1.1 Dodging
 + Level 4.3 Shields


You had 4 spell levels left.
You didn't know any spells.

Dungeon Overview and Level Annotations

Branches:
Dungeon (3/15)

Altars:
Ru
The Shining One

Annotations:
D:3 Purgy


Innate Abilities, Weirdness & Mutations

You are resistant to torment.
Your stone body is resilient (AC +4).
You are immune to poison.
You resist negative energy.
You are resistant to electric shocks.
You can survive without breathing.
You are immune to petrification.
You are immune to rotting.


Message History

Purgy claws you but does no damage.
Drink which item? (? for menu, Esc to quit)
It was a potion of degeneration.
There was something very wrong with that liquid.
You feel clumsy. Purgy bites you but does no damage. Purgy misses you.
You block Purgy's attack.
Purgy hisses menacingly.
Drink which item? (? for menu, Esc to quit)
It was a potion of curing.
You feel better.
You hit Purgy.
Purgy is heavily wounded.
Purgy bites you. You block Purgy's attack. Purgy claws you.
* * * LOW HITPOINT WARNING * * *
Purgy bites you.
* * * LOW HITPOINT WARNING * * *
Purgy barely misses you. You block Purgy's attack.
You closely miss Purgy.
Purgy is moderately wounded.
Purgy bites you.
You die...

.# *,* #..#......,#...#
## *,* #..#......,#...#
.#
**+#######.####...#*##..#
.#
*,.(........#......,#...#
.#
*,..........#...#,,,#...#
.#
*,......b.%.###+#+###...#
.#
*,........#.....#.....#.#
.#
*,........#T..#_#.#...#.#
.#
*,........#@..#*#*#...#.#
.#
*,........#...#.#.#...#.#
.#
**#########.....#...†.#.#
.# #..###+#+###...# ##
#..#...#...#...#
#..#.......#...#
##.####...####..#
#...#.......#...#
#...#.[.....#...#


You could see Purgy.

Vanquished Creatures
  Crazy Yiuf (D:2)
  An orc priest (D:3)
  Terence (D:2)
  5 adders
  An ooze (D:2)
  A worm (D:3)
  5 orcs (D:3)
  11 bats
  7 goblins
  7 hobgoblins
  2 quokkas (D:2)
  2 giant cockroaches
  4 giant newts
  7 kobolds
  11 rats
66 creatures vanquished.

Notes
Turn   | Place    | Note
--------------------------------------------------------------
     0 | D:1      | kaze the Gargoyle Fighter began the quest for the Orb.
     0 | D:1      | Reached XP level 1. HP: 14/14 MP: 1/1
    85 | D:1      | Reached XP level 2. HP: 10/19 MP: 2/2
   547 | D:1      | Reached XP level 3. HP: 19/23 MP: 3/3
   602 | D:1      | You fall through a shaft!
   745 | D:2      | Noticed Terence
   756 | D:2      | Killed Terence
   756 | D:2      | Reached skill level 4 in Armour
   756 | D:2      | Reached XP level 4. HP: 24/29 MP: 4/4
  1074 | D:2      | Found a glowing golden altar of the Shining One.
  1227 | D:2      | Noticed Crazy Yiuf
  1232 | D:2      | Paralysed by Crazy Yiuf for 6 turns
  1241 | D:2      | Killed Crazy Yiuf
  1241 | D:2      | Reached XP level 5. HP: 23/33 MP: 5/5
  1562 | D:3      | Reached skill level 1 in Dodging
  1785 | D:3      | Found a sacrificial altar of Ru.
  1786 | D:3      | Noticed Purgy
  1817 | D:3      | Slain by Purgy

Action                   |  1- 3 |  4- 6 || total
-------------------------+-------+-------++-------
Melee: War axe           |    98 |       ||    98
       Mace              |       |   141 ||   141
  Use: Scroll            |       |     5 ||     5
       Potion            |       |     3 ||     3
  Eat: Chunk             |       |     3 ||     3
